 Dungeon Crawl Stone Soup version 0.18.1-5-g4a78601 (webtiles) character file.

0 ololoev the Skirmisher (level 1, 0/16 HPs)
             Began as a High Elf Abyssal Knight on May 12, 2016.
             Was a Follower of Lugonu.
             Slain by a starspawn tentacle (2 damage)
             ... attached to a tentacled starspawn
             ... on level 2 of the Abyss.
             The game lasted 00:00:33 (75 turns).

ololoev the Skirmisher (High Elf Abyssal Knight)      Turns: 75, Time: 00:00:33

Health: 0/16       AC:  3    Str: 11    XL:     1   Next: 0%
Magic:  3/3        EV:  8    Int: 15    God:    Lugonu [*.....]
Gold:   0          SH:  0    Dex: 10    Spells: 0 memorised, 0 levels left

rFire  . . .     SeeInvis .     a - +1 falchion
rCold  . . .     Gourm    .     b - +0 leather armour
rNeg   . . .     Faith    .     (no shield)
rPois  .         Spirit   .     (no helmet)
rElec  .         Dismiss  .     (no cloak)
rCorr  .         Reflect  .     (no gloves)
SustAt .         Harm     .     (no boots)
MR     .....                    (no amulet)
Stlth  +.........               (no ring)
                                (no ring)

@: constricted, not resistant to hostile enchantments, very unstealthy
A: clumsy 2, MP-powered wands
a: Depart the Abyss, Renounce Religion


Innate Abilities, Weirdness & Mutations

[You are very clumsy. (Dex -4)]
[You expend magic power (3 MP) to strengthen your wands.]

Inventory:

Hand Weapons
 a - a +1 falchion (weapon)
Armour
 b - a +0 leather armour (worn)
Comestibles
 c - 2 bread rations


   Skills:
 + Level 3.0 Fighting
 + Level 2.4 Long Blades
 + Level 0.8 Armour
 + Level 2.1 Dodging
 + Level 2.0 Invocations


You couldn't memorise any spells.
You didn't know any spells.


You were on level 2 of the Abyss.
You worshipped Lugonu.
Lugonu was aware of your devotion.
You were not hungry.

You visited 0 branches of the dungeon, and saw 0 of its levels.
You visited the Abyss 1 time.

. #.# .... ##. ## .#..
...##. ..# .
..##..##..##..## .##
....................
................... #
#..##..##..##..# .
.#..##@.##..##..##..##.
#......w................
#......│................
..#..##.>##X.##..##..##.
#..[ #/*# ..# ..##..##.
.... .X.................
.#. ......... ..........
.##.###...*..). #..#.#.
#.│ ──#........# ##..#

Notes
Turn   | Place    | Note
--------------------------------------------------------------
     0 | Abyss:1  | ololoev the High Elf Abyssal Knight began the quest for the Orb.
     0 | Abyss:1  | Reached XP level 1. HP: 16/16 MP: 3/3
    11 | Abyss:1  | Found an opulent altar of Gozag.
    57 | Abyss:2  | Noticed a neqoxec
    60 | Abyss:2  | Noticed a large abomination
    66 | Abyss:2  | Noticed a wretched star
    72 | Abyss:2  | Noticed a tentacled starspawn
    75 | Abyss:2  | Slain by a starspawn tentacle

Dungeon Overview and Level Annotations

Branches:
Dungeon (0/15)

Altars:


Message History

Welcome, ololoev the High Elf Abyssal Knight.
Will you be the one to retrieve the fabulous Orb of Zot from the depths?
Lugonu says: Depart the Abyss and spread corruption, my servant! (use the ability menu to exit the Abyss) Press ? for a list of commands and other information.
Found a corrupted altar of Lugonu.
Found a gateway leading out of the Abyss.
Found a gateway leading deeper into the Abyss.
Found an opulent altar of Gozag.
Found a robe.
There is a gateway leading deeper into the Abyss here.
You plunge deeper into the Abyss.
Found a bread ration.
c - 2 bread rations (gained 1)
Found 24 stones.
Found 20 stones.
A neqoxec comes into view.
A large abomination comes into view.
Found a brightly glowing hunting sling.
A wretched star comes into view.
The wretched star pulses with an eldritch light!
You feel clumsy. x2
The wretched star glows turbulently.
The orb of energy hits you!
Ouch! That really hurt!
A tentacled starspawn comes into view.
A tentacle flies out from the starspawn's body!
A starspawn tentacle comes into view.
A starspawn tentacle comes into view.
The starspawn tentacle closely misses you.
The starspawn tentacle barely misses you.
The wretched star pulses with an eldritch light!
You feel your magical essence link to your wands.
The starspawn tentacle grabs you.
You die...

You could see a tentacled starspawn, a wretched star, a large abomination and a starspawn tentacle.

Vanquished Creatures (others)
  59 starspawn tentacle segments (Abyss:2)
59 creatures vanquished.

Action                   || total
-------------------------++-------
Dodge: Dodged            ||     2

Vault maps used:
